 Dungeon Crawl Stone Soup version 0.32-a0-673-g3729bd50f8 (webtiles) character file.

Game seed: 5349237853559430284

1570455 ragingrage the Merry Kobold (level 27, 188/188 HPs)
             Began as a Kobold Ice Elementalist on Mar 10, 2024.
             Was the Champion of Okawaru.
             Escaped with the Orb
             ... and 3 runes!
             The game lasted 01:47:20 (79586 turns).

ragingrage the Merry Kobold (KoIE)                 Turns: 79586, Time: 01:47:20

Health: 188/188    AC: 33    Str: 12    XL:     27
Magic:  32/32      EV: 58    Int: 18    God:    Okawaru [******]
Gold:   8742       SH:  2    Dex: 36    Spells: 15/36 levels left

rFire   . . .        a - +9 triple crossbow (freeze)
rCold   . . .        (shield currently unavailable)
rNeg    . . .        G - +5 steam dragon scales
rPois   +            j - +0 hat "Lehuis" {Int+3 Dex+3}
rElec   .            v - +4 dragonskin cloak
rCorr   +            R - +4 pair of gloves of Okawaru's Scorn {rPois Dex+4 Slay+3}
SInv    +            s - +2 pair of boots
Will    ++++.        z - amulet "Meculic" {Spirit Will+ Str+4}
Stlth   ++++         y - ring "Ulao" {Will+ AC+4 Dex+3 Slay-3 SInv}
HPRegen 0.51/turn    F - ring of the Octopus King {rCorr HP+2 AC+2 EV+2 SH+2}
MPRegen 0.23/turn

%: guardian spirit
@: studying 4 skills
A: small, no large weapons, nightstalker 3, dopey 1
0: Orb of Zot
}: 3/15 runes: barnacled, silver, gossamer
a: Renounce Religion, Heroism, Finesse, Duel


You escaped.
You worshipped Okawaru.
Okawaru was exalted by your worship.
You visited 10 branches of the dungeon, and saw 48 of its levels.
You visited the Abyss 1 time.
You also visited: Ice Cave, Volcano and Desolation.

You collected 9006 gold pieces.
You spent 264 gold pieces at shops.

Inventory:

Hand Weapons
 a - a +9 triple crossbow of freezing (weapon)
 b - a +2 dagger of venom
 c - a +9 hand cannon of draining
Missiles
 u - 11 throwing nets
 x - 10 datura-tipped darts
 M - 18 atropa-tipped darts
Armour
 j - the +0 hat "Lehuis" (worn) {Int+3 Dex+3}
   (You found it in a volcano)

   Int+3:     It affects your intelligence (+3).
   Dex+3:     It affects your dexterity (+3).
 s - a +2 pair of boots (worn)
 v - the +4 dragonskin cloak (worn)
   (You took it off Tiamat on level 1 of the Realm of Zot)

   Avatar's Aegis: It grants the wearer a chance to resist fire, cold, poison,
   electricity, acid, and negative energy.
 G - +5 steam dragon scales (worn)
 R - the +4 pair of gloves of Okawaru's Scorn (worn) {rPois Dex+4 Slay+3}
   (Okawaru gifted it to you on level 3 of the Lair of Beasts)

   Dex+4:     It affects your dexterity (+4).
   Slay+3:    It affects your accuracy & damage with ranged weapons and melee
   (+3).
   rPois:     It protects you from poison.
Jewellery
 q - a ring of protection from cold
 y - the ring "Ulao" (left hand) {Will+ AC+4 Dex+3 Slay-3 SInv}
   (You took it off an imperial myrmidon in the Desolation of Salt)

   [ring of protection]

   AC+4:      It affects your AC (+4).
   Dex+3:     It affects your dexterity (+3).
   Slay-3:    It affects your accuracy & damage with ranged weapons and melee
   (-3).
   Will+:     It increases your willpower.
   SInv:      It lets you see invisible.
 z - the amulet "Meculic" (around neck) {Spirit Will+ Str+4}
   (You took it off a deep elf archer on level 3 of the Elven Halls)

   [amulet of guardian spirit]

   Spirit:    It causes incoming damage to be divided between your reserves of
   health and magic.
   Str+4:     It affects your strength (+4).
   Will+:     It increases your willpower.
 F - a ring of the Octopus King (right hand) {rCorr HP+2 AC+2 EV+2 SH+2}
   (You took it off a deep elf master archer on level 3 of the Elven Halls)

   [ring of resist corrosion]

   AC+2:      It affects your AC (+2).
   EV+2:      It affects your evasion (+2).
   HP+2:      It affects your health (+2).
   rCorr:     It protects you from acid and corrosion.
   SH+2:      It affects your SH (+2).
 K - the ring "Ywagache" {rN+ Str+3}
   (You took it off a deep elf high priest on level 3 of the Elven Halls)

   [ring of positive energy]

   Str+3:     It affects your strength (+3).
   rN+:       It protects you from negative energy.
 Z - a ring of protection from fire
Wands
 m - a wand of quicksilver (14)
 L - a wand of digging (22)
 O - a wand of paralysis (39)
 W - a wand of warping (35)
Scrolls
 d - 10 scrolls of vulnerability
 e - 5 scrolls of fear
 f - 6 scrolls of amnesia
 g - 6 scrolls of revelation
 h - 10 scrolls of fog
 i - 4 scrolls of silence
 k - 8 scrolls of teleportation
 p - 3 scrolls of torment
 E - 5 scrolls of blinking
 H - 4 scrolls of noise
 N - 4 scrolls of enchant armour
 P - 11 scrolls of immolation
 Q - 4 scrolls of poison
Potions
 l - 5 potions of magic
 n - 5 potions of ambrosia
 o - 6 potions of lignification
 r - 6 potions of haste
 t - 4 potions of cancellation
 w - 3 potions of brilliance
 A - 12 potions of curing
 B - 7 potions of might
 C - 14 potions of attraction
 I - 12 potions of heal wounds
 J - 4 potions of invisibility
 U - 10 potions of enlightenment
 V - 9 potions of berserk rage
 X - 2 potions of resistance
 Y - 8 potions of mutation
Miscellaneous
 D - a lightning rod (4/4)
 S - a tin of tremorstones (2/2)
 T - a phial of floods


   Skills:
 + Level 22.9 Fighting
 - Level 14.0 Short Blades
 O Level 27 Ranged Weapons
 - Level 6.0 Throwing
 - Level 11.0 Armour
 O Level 27 Dodging
 - Level 20.0 Stealth
 - Level 5.0 Spellcasting
 - Level 10.0 Conjurations
 - Level 5.0 Hexes
 - Level 6.0 Necromancy
 - Level 9.0 Translocations
 - Level 9.0 Ice Magic
 - Level 5.0 Earth Magic
 - Level 11.0 Alchemy
 - Level 12.0 Invocations
 - Level 15.0 Evocations


You had 15 spell levels left.
You knew the following spells:

 Your Spells              Type           Power      Damage    Failure   Level
a - Fugue of the Fallen   Necr           26%        N/A       3%          3
b - Ozocubu's Armour      Ice            36%        N/A       1%          3
c - Freeze                Ice            100%       1d10      1%          1
d - Irradiate             Conj/Alch      21%        3d18      4%          5
e - Blink                 Tloc           72%        N/A       1%          2
f - Dimensional Bullseye  Hex/Tloc       14%        N/A       8%          4
g - Passwall              Erth           22%        N/A       4%          3

Your spell library contained the following spells:

 Spells                   Type           Power      Damage    Failure   Level
 Kiss of Death            Conj/Necr      100%       2d13      1%          1
 Magic Dart               Conj           100%       1d8       1%          1
 Sandblast                Erth           44%        2d11      1%          1
 Slow                     Hex            88%        N/A       1%          1
 Sting                    Conj/Alch      100%       1d9       1%          1
 Cigotuvi's Dreadful Rot  Necr/Alch/Air  48%        N/A       1%          2
 Ensorcelled Hibernation  Hex/Ice        58%        N/A       1%          2
 Lesser Beckoning         Tloc           72%        N/A       1%          2
 Mercury Vapours          Alch/Air       48%        N/A       1%          2
 Momentum Strike          Conj/Tloc      76%        3d10      1%          2
 Sublimation of Blood     Necr           26%        N/A       1%          2
 Dazzling Flash           Conj/Hex       62%        N/A       1%          3
 Frozen Ramparts          Ice            72%        1d11      1%          3
 Gell's Gravitas          Tloc           36%        N/A       1%          3
 Hailstorm                Conj/Ice       38%        3d9       1%          3
 Stone Arrow              Conj/Erth      62%        3d10      1%          3
 Teleport Other           Tloc           36%        N/A       1%          3
 Fulminant Prism          Conj/Alch      21%        3d12      1%          4
 Olgreb's Toxic Radiance  Alch           44%        N/A       1%          4
 Jinxbite                 Hex            44%        N/A       2%          2
 Mephitic Cloud           Conj/Alch/Air  29%        N/A       2%          3
 Iskenderun's Mystic Bla  Conj/Tloc      38%        2d9       2%          4
 Vampiric Draining        Necr           26%        2d7       3%          3
 Manifold Assault         Tloc           36%        N/A       3%          4
 Confusing Touch          Hex            22%        N/A       4%          3
 Sigil of Binding         Hex            22%        N/A       4%          3
 Petrify                  Alch/Erth      33%        N/A       4%          4
 Volatile Blastmotes      Fire/Tloc      40%        2d13      6%          3
 Brom's Barrelling Bould  Conj/Erth      31%        2d5       6%          4
 Inner Flame              Hex/Fire       13%        N/A       14%         3
 Anguish                  Hex/Necr       12%        N/A       14%         4
 Ignite Poison            Fire/Alch      24%        N/A       14%         4
 Sticky Flame             Fire/Alch      24%        2d6       14%         4
 Yara's Violent Unravell  Hex/Alch       16%        3d8       14%         5
 Cause Fear               Hex            11%        N/A       17%         4
 Eringya's Noxious Bog    Alch           22%        4d6       22%         6
 Freezing Cloud           Conj/Ice/Air   13%        6-21      28%         5
 Curse of Agony           Necr           26%        N/A       30%         5
 Lee's Rapid Deconstruct  Erth           11%        3d8*      43%         5
 Dispersal                Tloc           18%        N/A       45%         6
 Bombard                  Conj/Erth      15%        9d3       67%         6
 Silence                  Hex/Air        6%         N/A       78%         5
 Conjure Ball Lightning   Conj/Air       11%        3x3d6     95%         6
 Starburst                Conj/Fire      11%        6d5       95%         6
 Ozocubu's Refrigeration  Ice            18%        4d11      95%         7
 Discord                  Hex            11%        N/A       100%        8
 Disjunction              Tloc           18%        N/A       100%        8
 Ignition                 Fire           2%         3d3       100%        8
 Maxwell's Capacitive Co  Air            2%         ∞         100%        8
 Tukima's Dance           Hex            Unusable   N/A       N/A         3
 Summon Ice Beast         Ice/Summ       Unusable   N/A       N/A         3
 Call Imp                 Summ           Unusable   N/A       N/A         2
 Sculpt Simulacrum        Ice/Alch       Unusable   N/A       N/A         6
 Call Canine Familiar     Summ           Unusable   N/A       N/A         3
 Animate Armour           Summ/Erth      Unusable   N/A       N/A         4
 Summon Forest            Summ/Tloc      Unusable   N/A       N/A         5
 Summon Lightning Spire   Summ/Air       Unusable   N/A       N/A         4
 Summon Hydra             Summ           Unusable   N/A       N/A         7
 Summon Horrible Things   Summ           Unusable   N/A       N/A         8

Dungeon Overview and Level Annotations

Branches:
Dungeon (15/15)            Temple (1/1) D:6            Lair (5/5) D:8
 Shoals (4/4) Lair:2       Spider (4/4) Lair:2        Slime (0/5) Lair:4
    Orc (2/2) D:11            Elf (3/3) Orc:2        Vaults (5/5) D:14
  Crypt (0/3) Vaults:3     Depths (4/4) D:15            Zot (5/5) Depths:4
  IceCv (visited)         Volcano (visited)         Desolation (visited)

Altars:
Ashenzari
Cheibriados
Dithmenos
Elyvilon
Fedhas
Gozag
Hepliaklqana
Kikubaaqudgha
Makhleb
Nemelex Xobeh
Okawaru
Qazlal
Ru
Sif Muna
Trog
Uskayaw
Vehumet
Wu Jian
Xom
Yredelemnul
Zin
The Shining One
Beogh

Shops:
D:7 [   Orc:2 :[*(   Shoals:2 (   Vaults:3 ?   Vaults:4 =   Depths:4 :=:

Portals:
Hell: Depths:1 Depths:2 Depths:3 Depths:4
Abyss: Depths:2 Depths:3
Pandemonium: Depths:1 Depths:2 Depths:4
Ziggurat: Depths:2

Annotations:
D:8 exclusion: hornet
D:14 Roxanne
D:15 Rupert
Lair:1 exclusions: 2 death yaks and 3 elephants
Lair:5 2 runed translucent doors
Shoals:3 Mara
Spider:1 2 transporters
Spider:2 exclusion: downstairs
Spider:3 exclusion: downstairs
Vaults:1 2 runed translucent doors, Jyghoireu's ghost, veteran HOMo; Pixtaico's ghost, adept FeNe
Zot:2 1 exclusion


Innate Abilities, Weirdness & Mutations

You are small and have problems with some larger weapons.
You are completely attuned to the shadows.
You are dopey. (Int -2)


Message History

You hear a grinding noise.
You see here a quokka skeleton.
You hear a grinding noise.
You hear a grinding noise.
Some rock shatters into small pieces.
A cacodemon comes into view.
You shoot a bolt. The bolt hits the cacodemon!
The bolt freezes the cacodemon.
You shoot a bolt. The bolt hits the cacodemon!!!
The bolt freezes the cacodemon!
You shoot a bolt. The bolt hits the cacodemon!
The bolt freezes the cacodemon.
The cacodemon barely misses you. The cacodemon completely misses you.
You shoot a bolt. The bolt barely misses the cacodemon.
The cacodemon gestures at you. The bolt of devastation hits you!
Your willpower is stripped away!
You shoot a bolt. The bolt hits the cacodemon!!
The bolt freezes the cacodemon.
The cacodemon gestures at you.
Your body becomes as fragile as glass!
You shoot a bolt. The bolt hits the cacodemon!!!
The bolt freezes the cacodemon.
You kill the cacodemon!
Okawaru accepts your kill.
Training target 20.0 for Stealth reached!
Your Stealth skill increases to level 20!
No target in view!
(D) Dungeon (T) Temple (L) Lair (A) Shoals (N) Spider Nest (M) Slime Pits (O) Orcish Mines (E) Elven Halls (V) Vaults (C) Crypt (U) Depths (H) Hell (Z) Zot
Where to? (Tab/Enter - D:1 @ (x,y), ? - help)
There is a stone staircase leading up here.
You climb upwards.
There is a stone staircase leading down here.
You feel less fragile.
You feel your willpower return.
There is an open door here.
There is an open gate here.
There is an open door here.
There is an open door here.
There is a staircase leading out of the dungeon here.
You have escaped!

#.......#..# ≈≈.§°°° ###.........
#.##....##.#..≈§≈≈≈.. ###.#.....
...#.......##§○○§§☼☼# #.#.....
##.....##### ####### #.......
##...÷##..## #≈§§# #..##......
......#....#####'### #....#......
##.#####..####.....###....#......
##'##.§§..##ß#.....#.#.°..#......
....§.§....'.'..@..'.#...§#.#####
......'....#ß#.....#.#..§.#.#####
.>....#....###.....###☼...##.....
#.....##...#####'### #.... #.####
##....##..## #≈.≈# #.. #†####
##....##### ####### ##### #.....
.+....'...# #.°.°°°.##...###.....
##....###.# ..°°§§☼..###.........
#....# #.# #.########


There were no monsters in sight!

Vanquished Creatures
  2 dread liches
  Tiamat (Zot:1)
  2 orbs of fire (Zot:5)
  2 ancient liches (Zot:5)
  2 juggernauts (Depths:2)
  Sojobo (Vaults:2)
  5 Killer Klowns
  Saint Roka (Vaults:4)
  2 curse toes
  3 caustic shrikes (Depths:2)
  11 golden dragons
  Jory (Depths:4)
  Nikola (Depths:1)
  Arachne (Spider:2)
  A Brimstone Fiend (Zot:1)
  A shard shrike zombie (Abyss:2)
  14 tentacled monstrosities
  A walking crystal tome (Depths:2)
  2 electric golems (Zot:5)
  2 titans (Vaults:5)
  A walking earthen tome (Depths:2)
  27 Orb Guardians
  4 liches
  3 deep elf blademasters (Elf:3)
  10 quicksilver dragons
  5 sphinxes
  2 deep elf master archers (Elf:3)
  A kraken (Shoals:3)
  An Executioner (D:10)
  8 tengu reavers
  A tentacled starspawn (Abyss:2)
  Agnes (Elf:1)
  10 death cobs
  Kirke (D:14)
  12 storm dragons
  An azure jelly (Lair:5)
  11 shadow dragons
  11 draconian monks
  6 draconian knights
  10 fire giants
  Donald (Orc:2)
  10 draconian shifters
  The ghost of Detyups the Grappler, an adept VSFi of Ashenzari (Shoals:1)
  8 emperor scorpions
  3 protean progenitors
  9 frost giants
  2 deep elf sorcerers (Elf:3)
  24 vault wardens
  7 ghost moths
  Louise (D:15)
  9 draconian scorchers
  3 imperial myrmidons (Desolation)
  A balrug (D:9)
  6 deep elf elementalists
  17 ironbound preservers
  2 orc warlords
  7 draconian stormcallers
  3 broodmothers
  A spriggan defender (Depths:2)
  An angel (Shoals:3)
  4 draconian annihilators
  2 cacodemons
  9 ironbound thunderhulks
  2 reapers
  24 stone giants
  2 formless jellyfish
  4 vampire knights
  14 very ugly things
  5 deep elf death magi (Elf:3)
  A lorocyproca (Depths:1)
  17 yellow draconians
  3 halazid warlocks (Desolation)
  16 green draconians
  9 deep elf demonologists
  9 white draconians
  14 black draconians
  9 deep elf annihilators
  5 spark wasps
  8 war gargoyles
  7 red draconians
  18 purple draconians
  11 dire elephants
  13 ettins
  8 ragged hierophants (Desolation)
  Fannar (Lair:3)
  4 merfolk javelineers
  Josephine (D:11)
  16 fire dragons
  4 deep elf high priests
  3 crystal guardians
  Harold (D:11)
  12 merfolk impalers
  4 entropy weavers
  An entropy weaver (shapeshifter) (D:13)
  8 great orbs of eyes
  14 yaktaur captains
  6 rakshasas
  7 hydras
  A hell beast (Zot:1)
  6 servants of whispers (Desolation)
  12 ironbound frosthearts
  6 peacekeepers
  4 ice dragons
  32 vault guards
  7 spriggan air magi
  A jorogumo (Arena)
  9 merfolk aquamancers
  4 ogre magi
  2 alligators (Zot:1)
  4 centaur warriors
  3 radroaches
  3 alligator snapping turtles
  20 two-headed ogres
  30 dancing weapons
  2 death knights (D:14)
  6 boulder beetles
  4 deep troll shamans
  A satyr (Shoals:4)
  6 occultists
  6 tengu warriors
  5 death yaks (IceCv)
  13 demonic crawlers
  8 deep troll earth magi
  Urug (Orc:2)
  18 hell knights
  2 thrashing horrors (Abyss:2)
  A hell hog (Depths:4)
  A death scarab (Spider:3)
  6 spriggan berserkers
  Nergalle (Orc:2)
  9 sun demons
  Sonja (D:11)
  20 deep elf knights
  3 orc high priests
  A skyshark (shapeshifter) (Depths:2)
  2 salamander mystics
  5 skysharks
  2 wretched stars (Abyss:2)
  A fire crab (shapeshifter) (D:15)
  7 iron trolls
  11 arcanists
  A sixfirhy (D:12)
  4 large abominations
  3 pharaoh ants
  41 deep trolls
  3 cherubim (Shoals:4)
  3 glowing orange brains
  18 orc knights
  10 sea snakes
  A shadow demon (Depths:1)
  3 flayed ghosts
  3 sun moths
  7 thermic dynamos
  An orb spider (shapeshifter) (Depths:2)
  21 ironbound convokers
  12 steelbarb worms
  3 lindwurms
  7 deep elf archers
  2 phantasmal warriors (Vaults:5)
  An obsidian statue (Zot:5)
  An orange crystal statue (Zot:5)
  13 orb spiders
  26 harpies
  22 wolf spiders
  A steelbarb worm (shapeshifter) (Vaults:5)
  23 ugly things
  27 deep elf zephyrmancers
  5 orc sorcerers
  23 deep elf pyromancers
  10 necromancers
  4 fauns
  2 worldbinders (Abyss:2)
  9 salamanders
  An oklob plant (Lair:4)
  Maurice (D:7)
  9 cyclopes
  11 manticores
  29 moths of wrath
  A shining eye (Depths:4)
  3 guardian serpents (Desolation)
  2 kobold blastminers (Orc:1)
  A moth of wrath (shapeshifter) (Depths:2)
  19 vault sentinels
  3 black mambas
  A guardian serpent (shapeshifter) (Elf:3)
  9 meliai
  6 elephants (Lair:3)
  3 apocalypse crabs (Zot:2)
  A rust devil (Zot:1)
  A smoke demon (Abyss:2)
  An ice statue (IceCv)
  A water nymph (shapeshifter) (Vaults:5)
  5 water nymphs
  A gargoyle (D:11)
  6 merfolk sirens
  An eye of devastation (shapeshifter) (Vaults:5)
  2 molten gargoyles (Lair:5)
  Maggie (D:7)
  4 unseen horrors
  3 torpor snails
  18 cane toads
  A hellion (Depths:4)
  A rime drake (IceCv)
  An unseen horror (shapeshifter) (Elf:3)
  A cane toad (shapeshifter) (D:15)
  40 yaktaurs
  Psyche (D:11)
  6 tengu conjurers
  2 ice devils (Orc:2)
  An efreet (D:14)
  2 kobold demonologists (D:12)
  13 komodo dragons
  2 freezing wraiths (D:14)
  A merfolk (shapeshifter) (Vaults:5)
  25 merfolk
  An ancient zyme (Abyss:2)
  28 tarantellas
  4 trolls
  5 wind drakes
  3 hornets
  13 polar bears
  2 glass eyes (Depths:2)
  61 saltlings (Desolation)
  10 dream sheep
  6 blink frogs (Lair:3)
  11 raiju (Abyss:2)
  A snapping turtle (shapeshifter) (Vaults:5)
  6 snapping turtles
  20 jumping spiders
  2 shadows
  16 culicivoras
  32 slime creatures
  2 spriggans (Depths:3)
  2 ynoxinuls
  10 wraiths
  42 yaks
  8 water elementals
  6 wyverns
  4 fire elementals
  2 starcursed masses (Abyss:2)
  63 redbacks
  A golden eye (Abyss:2)
  4 humans (D:14)
  3 neqoxecs (Abyss:2)
  7 wargs
  4 steam dragons
  2 redbacks (shapeshifter)
  11 vampire mosquitoes
  8 basilisks
  A chaos spawn (Abyss:2)
  A swamp worm (shapeshifter) (Vaults:5)
  2 acid dragons
  15 water moccasins
  9 hell hounds
  An ice beast (D:6)
  2 black bears
  31 orc warriors
  11 ogres
  2 sky beasts
  A laughing skull (Abyss:2)
  3 small abominations (Abyss:2)
  34 wolves
  10 centaurs
  A phantom (D:7)
  A kobold brigand (D:7)
  A brain worm (Abyss:2)
  2 scorpions
  9 bullfrogs
  3 earth elementals (Elf:2)
  A gnoll sergeant (D:10)
  12 wights
  8 killer bees
  5 electric eels
  3 howler monkeys
  A bombardier beetle (D:7)
  5 lava snakes (Lair:5)
  5 hounds
  12 jellies
  19 orc priests
  2 gnoll boudas
  2 iron imps
  An iguana (D:4)
  23 orc wizards
  9 adders
  19 gnolls
  A shadow imp (D:8)
  3 white imps
  6 ufetubi
  14 dart slugs
  A ribbon worm (D:3)
  53 orcs
  8 ball pythons
  13 endoplasms
  3 giant cockroaches
  4 goblins
  3 hobgoblins
  4 jackals (D:4)
  6 quokkas
  6 bats
  7 frilled lizards
  12 kobolds
  5 rats
  2 starspawn tentacles (Abyss:2)
  5 tentacles (Shoals:3)
2255 creatures vanquished.

Vanquished Creatures (others)
  A tentacled starspawn (Abyss:2)
  A vault guard (Vaults:5)
  A hell knight (Vaults:5)
  A raiju (Abyss:2)
  An air elemental (Elf:3)
  2 starspawn tentacles (Abyss:2)
  13 tentacles (Shoals:3)
20 creatures vanquished.

Grand Total: 2275 creatures vanquished

Notes
Turn   | Place    | Note
-------+----------+-------------------------------------------
     0 | D:1      | ragingrage the Kobold Ice Elementalist began the quest for
                  | the Orb.
     0 | D:1      | Reached XP level 1. HP: 10/10 MP: 3/3
   229 | D:1      | Reached XP level 2. HP: 8/15 MP: 1/5
   618 | D:1      | Reached XP level 3. HP: 19/19 MP: 6/6
  1276 | D:2      | Reached skill level 1 in Short Blades
  1276 | D:2      | Reached XP level 4. HP: 24/24 MP: 4/7
  1580 | D:2      | Reached skill level 1 in Fighting
  1718 | D:2      | Reached skill level 5 in Ice Magic
  2274 | D:2      | Found a faded altar of an unknown god.
  2330 | D:2      | Learned a level 3 spell: Frozen Ramparts
  2334 | D:2      | Learned a level 3 spell: Ozocubu's Armour
  2619 | D:3      | Reached XP level 5. HP: 24/29 MP: 2/8
  3518 | D:4      | Reached XP level 6. HP: 34/34 MP: 6/9
  3909 | D:4      | Found a shadowy altar of Dithmenos.
  3981 | D:4      | Found a blossoming altar of Fedhas.
  4619 | D:5      | Entered Level 5 of the Dungeon
  4662 | D:4      | Reached XP level 7. HP: 41/41 MP: 1/10
  4785 | D:5      | Reached skill level 1 in Ranged Weapons
  6440 | D:6      | Found an ornate altar of the Wu Jian Council.
  6597 | D:6      | Killed an unseen horror
  6598 | D:6      | Reached skill level 5 in Ranged Weapons
  6598 | D:6      | Reached skill level 5 in Dodging
  6598 | D:6      | Reached XP level 8. HP: 26/46 MP: 5/11
  6982 | D:6      | Found a staircase to the Ecumenical Temple.
  6993 | Temple   | Entered the Ecumenical Temple
  7121 | Temple   | Became a worshipper of Warmaster Okawaru
  7184 | D:6      | Reached XP level 9. HP: 30/50 MP: 5/12
  8330 | D:7      | Reached skill level 10 in Ranged Weapons
  8430 | D:7      | Learned a level 3 spell: Hailstorm
  8678 | D:8      | Reached skill level 5 in Stealth
  8776 | D:8      | Found a staircase to the Lair.
  8845 | D:8      | Reached * piety under Okawaru
  8937 | D:8      | Noticed a hornet
  8984 | D:8      | Found a burning altar of Makhleb.
  9657 | D:8      | Found a shimmering blue altar of Sif Muna.
  9821 | D:9      | Found a basalt altar of Yredelemnul.
  9828 | D:9      | Noticed a boulder beetle
  9845 | D:9      | Killed a boulder beetle
  9845 | D:9      | Reached ** piety under Okawaru
  9846 | D:9      | Reached XP level 10. HP: 45/56 MP: 3/13
  9975 | D:9      | Killed an unseen horror
 10122 | D:9      | Reached skill level 1 in Invocations
 10237 | D:9      | Noticed a white ugly thing
 10416 | D:9      | Reached *** piety under Okawaru
 11369 | D:10     | Entered Level 10 of the Dungeon
 11637 | D:10     | Found a bloodstained altar of Trog.
 11816 | D:10     | Found a hazy altar of Hepliaklqana.
 11817 | D:10     | Found a sacrificial altar of Ru.
 11818 | D:10     | Found a stormy altar of Qazlal.
 13073 | D:10     | Reached XP level 11. HP: 52/62 MP: 8/14
 13078 | D:10     | Reached **** piety under Okawaru
 13514 | D:7      | Reached skill level 5 in Fighting
 13534 | D:7      | Noticed Maurice
 13552 | D:7      | Something stole a ring of ice
 13559 | D:7      | Killed Maurice
 13672 | D:7      | Noticed Maggie
 13677 | D:7      | Killed Maggie
 14118 | D:7      | Found Ohimarel's Antique Armour Boutique.
 14297 | Lair:1   | Entered Level 1 of the Lair of Beasts
 14450 | Lair:1   | Noticed an elephant
 14450 | Lair:1   | Noticed an elephant
 14451 | Lair:1   | Noticed an elephant
 14502 | Lair:1   | Reached skill level 10 in Dodging
 14507 | Lair:1   | Reached skill level 1 in Evocations
 14945 | Lair:1   | Reached ***** piety under Okawaru
 15239 | Lair:1   | Noticed a death yak
 15239 | Lair:1   | Noticed a death yak
 15711 | Lair:2   | Found a staircase to the Shoals.
 15757 | Lair:2   | Reached XP level 12. HP: 72/73 MP: 2/15
 15900 | Lair:2   | Found a hole to the Spider Nest.
 15980 | Lair:2   | Reached skill level 15 in Ranged Weapons
 15985 | Lair:2   | Received a gift from Okawaru
 16094 | Lair:2   | Noticed a seven-headed hydra
 16103 | Lair:2   | Killed a seven-headed hydra
 16589 | Lair:3   | Reached skill level 5 in Invocations
 16623 | Lair:3   | Reached ****** piety under Okawaru
 16624 | Lair:3   | Acquired a +3 hand cannon of flaming
 16624 | Lair:3   | Received a gift from Okawaru
 16629 | Lair:3   | Acquired the +4 pair of gloves of Okawaru's Scorn {rPois
                  | Dex+4 Slay+3}
 16629 | Lair:3   | Received a gift from Okawaru
 16745 | Lair:3   | Noticed a four-headed hydra
 16776 | Lair:3   | Received a gift from Okawaru
 16782 | Lair:3   | Reached XP level 13. HP: 78/80 MP: 17/17
 16960 | Lair:3   | Reached skill level 10 in Fighting
 16987 | Lair:3   | Noticed Fannar
 17000 | Lair:3   | Killed Fannar
 17239 | Lair:3   | Killed a four-headed hydra
 17310 | Lair:3   | Received a gift from Okawaru
 17642 | Lair:4   | Noticed a seven-headed hydra
 17649 | Lair:4   | Killed a seven-headed hydra
 17800 | Lair:4   | Found a dark tunnel.
 17813 | Volcano  | Entered a volcano
 18016 | Volcano  | Reached skill level 5 in Short Blades
 18088 | Volcano  | Found a radiant altar of Vehumet.
 18091 | Volcano  | Noticed a red draconian
 18097 | Volcano  | Killed a red draconian
 18097 | Volcano  | Received a gift from Okawaru
 18226 | Volcano  | Identified the +0 hat "Lehuis" {Int+3 Dex+3}
 18335 | Lair:4   | Found a sacrificial altar of Ru.
 18813 | Lair:4   | Found a staircase to the Slime Pits.
 18891 | Lair:5   | Entered Level 5 of the Lair of Beasts
 18959 | Lair:5   | Noticed an azure jelly
 18966 | Lair:5   | Killed an azure jelly
 19084 | Lair:5   | Reached XP level 14. HP: 88/88 MP: 20/20
 19689 | Lair:5   | Received a gift from Okawaru
 20344 | Lair:5   | Found a large runed translucent door.
 20345 | Lair:5   | Found a large runed translucent door.
 20745 | D:11     | Noticed Harold
 20746 | D:11     | Noticed Psyche
 20752 | D:11     | Killed Harold
 20755 | D:11     | Killed Psyche
 20763 | D:11     | Noticed Sonja
 20765 | D:11     | Killed Sonja
 20859 | D:11     | Received a gift from Okawaru
 20859 | D:11     | Noticed Josephine
 20982 | D:11     | Killed Josephine
 21176 | D:11     | Found a staircase to the Orcish Mines.
 21707 | D:12     | Received a gift from Okawaru
 22077 | D:12     | Reached skill level 1 in Armour
 22520 | D:13     | Identified the +9 rapier of Armageddon {heavy, rPois Int+4}
 22527 | D:13     | Reached skill level 5 in Evocations
 22527 | D:13     | Reached XP level 15. HP: 90/96 MP: 19/22
 22532 | D:13     | Reached skill level 10 in Invocations
 23264 | D:14     | Noticed Roxanne
 23480 | Orc:1    | Entered Level 1 of the Orcish Mines
 23630 | D:11     | Learned a level 3 spell: Fugue of the Fallen
 23644 | Orc:1    | Reached skill level 1 in Necromancy
 24010 | Orc:1    | Found a roughly hewn altar of Beogh.
 24076 | Orc:1    | Found a roughly hewn altar of Beogh.
 24253 | Orc:2    | Entered Level 2 of the Orcish Mines
 24329 | Orc:2    | Noticed Donald
 24572 | Orc:2    | Killed Donald
 24594 | Orc:2    | Received a gift from Okawaru
 24674 | Orc:2    | Found a staircase to the Elven Halls.
 24849 | Orc:2    | Found a frozen archway.
 24858 | IceCv    | Entered an ice cave
 25372 | IceCv    | Received a gift from Okawaru
 25485 | IceCv    | Identified the staff of Mana {rPois rN+ Int-3 Dex+6 Necro}
 25850 | Orc:2    | Noticed an orc warlord
 25863 | Orc:2    | Killed an orc warlord
 25864 | Orc:2    | Reached skill level 1 in Throwing
 25910 | Orc:2    | Found a roughly hewn altar of Beogh.
 25914 | Orc:2    | Noticed Urug
 25917 | Orc:2    | Killed Urug
 25918 | Orc:2    | Reached XP level 16. HP: 104/104 MP: 20/24
 25924 | Orc:2    | Noticed Nergalle
 25934 | Orc:2    | Killed Nergalle
 25936 | Orc:2    | Found Matt's General Store.
 25978 | Orc:2    | Found Waschyle's Antique Weapon Shoppe.
 25996 | Orc:2    | Found Maropewa's Antique Armour Shoppe.
 26009 | Orc:2    | Received a gift from Okawaru
 26010 | Orc:2    | Reached skill level 5 in Necromancy
 26068 | Orc:2    | Found Memonnekk's Book Shoppe.
 26773 | D:14     | Reached skill level 5 in Armour
 26897 | D:14     | Noticed Kirke
 26901 | D:14     | Killed Kirke
 27157 | D:14     | Found a gate to the Vaults.
 27530 | D:14     | Received a gift from Okawaru
 27608 | D:14     | Reached skill level 10 in Stealth
 27613 | D:14     | Reached skill level 1 in Translocations
 27663 | D:14     | Identified 2 scrolls of acquirement
 27666 | D:14     | Acquired 1195 gold pieces
 28026 | D:15     | Entered Level 15 of the Dungeon
 28090 | D:15     | Paralysed by an orc sorcerer for 3 turns
 28889 | D:15     | Noticed Louise
 28897 | D:15     | Found a staircase to the Depths.
 29240 | D:15     | Killed Louise
 29273 | D:15     | Received a gift from Okawaru
 29611 | D:15     | Noticed Rupert
 30059 | D:15     | Learned a level 4 spell: Dimensional Bullseye
 30311 | Shoals:1 | Entered Level 1 of the Shoals
 30322 | Shoals:1 | Reached skill level 10 in Short Blades
 30353 | Shoals:1 | Received a gift from Okawaru
 30384 | Shoals:1 | Noticed Detyups's ghost (adept VSFi)
 30385 | Shoals:1 | Found a runed translucent gate.
 30387 | Shoals:1 | Found a runed translucent gate.
 30421 | Shoals:1 | Found a runed translucent gate.
 30521 | Shoals:1 | Reached XP level 17. HP: 105/111 MP: 23/25
 30978 | Shoals:1 | Reached skill level 5 in Translocations
 31095 | Shoals:1 | Received a gift from Okawaru
 31694 | Shoals:1 | Killed Detyups's ghost
 32193 | Shoals:2 | Acquired a +3 triple crossbow of freezing
 32195 | Shoals:2 | Acquired 899 gold pieces
 32263 | Shoals:2 | Found Ulelazil's Antique Weapon Shop.
 32608 | Shoals:2 | You fall into a shaft and drop 1 floor!
 32621 | Shoals:3 | Received a gift from Okawaru
 32746 | Shoals:4 | Entered Level 4 of the Shoals
 32870 | Shoals:3 | Noticed a kraken
 32926 | Shoals:3 | Killed a kraken
 33167 | Shoals:3 | Noticed Mara
 33491 | Shoals:4 | Reached skill level 15 in Fighting
 34776 | Shoals:4 | Received a gift from Okawaru
 34792 | Shoals:4 | Identified the +4 mace "Earthworm" {heavy, MP+9 Str+3}
 35482 | Shoals:3 | Reached XP level 18. HP: 106/119 MP: 24/26
 35533 | Shoals:4 | Received a gift from Okawaru
 35664 | Shoals:4 | Reached skill level 15 in Dodging
 36168 | Shoals:4 | Noticed a kraken
 36183 | Shoals:4 | Found a glowing golden altar of the Shining One.
 36378 | Shoals:4 | Found a white marble altar of Elyvilon.
 36391 | Shoals:4 | Got a barnacled rune of Zot
 36471 | Shoals:4 | Found a glowing silver altar of Zin.
 36487 | Shoals:4 | Got the Volume of Windy Apparitions
 36929 | Spider:1 | Entered Level 1 of the Spider Nest
 36935 | Lair:2   | Received a gift from Okawaru
 37528 | Spider:1 | Received a gift from Okawaru
 37861 | Spider:1 | You fall into a shaft and drop 1 floor!
 38027 | Spider:2 | Noticed Arachne
 38043 | Spider:2 | Killed Arachne
 38043 | Spider:2 | Received a gift from Okawaru
 38356 | Arena    | Entered the Arena
 38573 | Spider:1 | Found a transporter.
 38595 | Spider:1 | Found a transporter.
 39520 | Spider:2 | Reached XP level 19. HP: 124/124 MP: 21/27
 39672 | Spider:2 | Acquired a +4 ring of slaying
 39918 | Spider:2 | Received a gift from Okawaru
 40165 | Spider:3 | Reached skill level 1 in Hexes
 40440 | Spider:3 | Identified the serpent talisman "Jimp" {rElec rN+ Int-3}
 40974 | Spider:3 | Received a gift from Okawaru
 41238 | Spider:4 | Entered Level 4 of the Spider Nest
 42079 | Spider:4 | Learned a level 5 spell: Irradiate
 42218 | Spider:4 | Identified the +1 chain mail "Baeb" {rElec rN+}
 42260 | Spider:4 | Reached skill level 1 in Conjurations
 42260 | Spider:4 | Reached skill level 1 in Alchemy
 42285 | Spider:4 | Received a gift from Okawaru
 42868 | Spider:4 | Got a gossamer rune of Zot
 43357 | Elf:1    | Entered Level 1 of the Elven Halls
 43366 | Elf:1    | Received a gift from Okawaru
 43590 | Elf:1    | Reached XP level 20. HP: 98/129 MP: 21/28
 43952 | Elf:1    | Noticed Agnes
 43958 | Elf:1    | Killed Agnes
 44028 | Elf:1    | Reached skill level 5 in Conjurations
 44028 | Elf:1    | Reached skill level 5 in Alchemy
 44051 | Elf:1    | Received a gift from Okawaru
 44206 | Elf:1    | Found a roughly hewn altar of Beogh.
 44226 | Elf:1    | Found a radiant altar of Vehumet.
 44899 | Abyss:2  | Cast into level 2 of the Abyss (an occultist)
 44902 | Abyss:2  | Upgraded the game from 0.32-a0-666-ge8a88695a4 to
                  | 0.32-a0-673-g3729bd50f8
 45164 | Abyss:2  | Received a gift from Okawaru
 45235 | Abyss:2  | Found a corrupted altar of Lugonu.
 45241 | Abyss:2  | Found a corrupted altar of Lugonu.
 45241 | Abyss:2  | Found a corrupted altar of Lugonu.
 45605 | Elf:1    | Escaped the Abyss
 45719 | Elf:1    | Got the Almanac of Dhcmrlchtdj
 45756 | Elf:1    | Got the Parchment of Plaster Cramp
 45997 | Elf:2    | Received a gift from Okawaru
 46112 | Elf:2    | Found a crumbling gateway.
 46131 | Desolati | Entered the Desolation of Salt
 46312 | Desolati | Identified the ring "Ziapouwa" {Will+ EV+5 Str+2}
 46331 | Desolati | Found the +10 Black Knight's barding {ponderous, rPois rN+}
 46336 | Desolati | Identified the ring "Ulao" {Will+ AC+4 Dex+3 Slay-3 SInv}
 46502 | Desolati | Received a gift from Okawaru
 46819 | Desolati | Reached XP level 21. HP: 83/134 MP: 12/29
 47116 | Desolati | Identified the +7 great sword "Peg Nam" {freeze, *Rage rC+
                  | Dex+2 Stlth+}
 47128 | Desolati | Got the Dissertation on the Non-linear Sun
 47466 | Desolati | Identified the +3 quarterstaff of the Throat {venom, Str+3
                  | Int+2 Dex+2}
 47487 | Desolati | Got Oheablur's Folio of the Potent Tincture
 47843 | Desolati | Received a gift from Okawaru
 48445 | Elf:2    | Found a runed translucent gate.
 48445 | Elf:2    | Found a runed translucent gate.
 48446 | Elf:2    | Found a runed translucent gate.
 48714 | Elf:3    | Entered Level 3 of the Elven Halls
 49061 | Elf:3    | Reached skill level 10 in Conjurations
 49061 | Elf:3    | Reached skill level 10 in Alchemy
 49173 | Elf:3    | Received a gift from Okawaru
 49526 | Elf:3    | Identified the ring of Free Will {Will+ Dex+3}
 49670 | Elf:3    | Identified the amulet "Meculic" {Spirit Will+ Str+4}
 50110 | Elf:3    | Identified the +2 glaive "Saaz" {venom, Str+2 Stlth+}
 50140 | Elf:3    | Identified the +0 scale mail of Qazlal's Respect {+Inv
                  | Regen+ Int+3 Dex-3}
 50140 | Elf:3    | Found the ring of the Octopus King {rCorr HP+2 AC+2 EV+2
                  | SH+2}
 50434 | Elf:3    | Identified the +6 long sword of the Burning Salmon {pain,
                  | Fly Str+3}
 50434 | Elf:3    | Identified the ring "Ywagache" {rN+ Str+3}
 50445 | Elf:3    | Received a gift from Okawaru
 50575 | Elf:3    | Got the Secrets of Malisons
 50586 | Elf:3    | Learned a level 2 spell: Blink
 50626 | Elf:3    | Reached XP level 22. HP: 139/142 MP: 30/30
 50653 | Elf:3    | Got the Meditations on Transmuted Glamour
 51448 | Vaults:1 | Entered Level 1 of the Vaults
 51463 | Vaults:1 | Noticed Jyghoireu's ghost (veteran HOMo)
 51464 | Vaults:1 | Noticed Pixtaico's ghost (adept FeNe)
 51466 | Vaults:1 | Found a large runed translucent door.
 51466 | Vaults:1 | Found a large runed translucent door.
 51579 | Vaults:1 | Received a gift from Okawaru
 52599 | Vaults:1 | Received a gift from Okawaru
 54640 | Vaults:2 | Received a gift from Okawaru
 54641 | Vaults:2 | Reached XP level 23. HP: 94/152 MP: 15/31
 55120 | Vaults:2 | Identified the +9 scimitar "Sivusutt" {vamp, ^Fragile rPois
                  | Int-2 Dex+6}
 55337 | Vaults:2 | Noticed Sojobo
 55346 | Vaults:2 | Killed Sojobo
 55803 | Vaults:3 | Received a gift from Okawaru
 56383 | Vaults:3 | Found a staircase to the Crypt.
 56752 | Vaults:3 | Received a gift from Okawaru
 56844 | Vaults:3 | Found Baelofuz's Magic Scroll Boutique.
 56849 | Vaults:3 | Bought a scroll of blinking for 172 gold pieces
 56849 | Vaults:3 | Bought a scroll of fear for 92 gold pieces
 57123 | Vaults:4 | Noticed Saint Roka
 57143 | Vaults:4 | Killed Saint Roka
 57421 | Vaults:4 | Received a gift from Okawaru
 57556 | Vaults:4 | Found Wohacram's Jewellery Shop.
 57821 | Vaults:4 | Reached XP level 24. HP: 118/152 MP: 20/32
 58773 | Depths:1 | Entered Level 1 of the Depths
 58773 | Depths:1 | Found a gateway to Hell.
 58809 | Depths:1 | Received a gift from Okawaru
 59073 | Depths:1 | Found a one-way gate leading to the halls of Pandemonium.
 59157 | Depths:1 | Found a shimmering blue altar of Sif Muna.
 59172 | Depths:1 | Noticed Nikola
 59181 | Depths:1 | Killed Nikola
 59365 | Depths:1 | Found an opulent altar of Gozag.
 59495 | Depths:2 | Reached skill level 15 in Stealth
 59657 | Depths:2 | Found a one-way gateway to a ziggurat.
 59932 | Depths:2 | Found a radiant altar of Vehumet.
 59933 | Depths:2 | Found an ancient bone altar of Kikubaaqudgha.
 59938 | Depths:2 | Found a one-way gate to the infinite horrors of the Abyss.
 59978 | Depths:2 | Noticed a juggernaut
 59983 | Depths:2 | Killed a juggernaut
 59983 | Depths:2 | Received a gift from Okawaru
 60381 | Depths:2 | Found a sparkling altar of Nemelex Xobeh.
 60719 | Depths:2 | Received a gift from Okawaru
 60838 | Depths:2 | Identified the +0 plate armour of Himourirph {MP+9 Dex+3}
 60987 | Depths:2 | Identified the +4 trident of Meijiev {flame, Str+8}
 61032 | Depths:2 | Noticed a caustic shrike
 61039 | Depths:2 | Killed a caustic shrike
 61130 | Depths:2 | Reached XP level 25. HP: 117/163 MP: 23/32
 61247 | Depths:2 | Noticed a caustic shrike
 61255 | Depths:2 | Killed a caustic shrike
 61401 | Depths:2 | Received a gift from Okawaru
 61443 | Depths:2 | Noticed a juggernaut
 61448 | Depths:2 | Killed a juggernaut
 61499 | Depths:2 | Noticed a caustic shrike
 61508 | Depths:2 | Killed a caustic shrike
 61952 | Depths:3 | Found a white marble altar of Elyvilon.
 62503 | Depths:4 | Entered Level 4 of the Depths
 62514 | Depths:4 | Received a gift from Okawaru
 63186 | Depths:4 | Noticed Jory
 63205 | Depths:4 | Killed Jory
 63289 | Depths:4 | Gained mutation: You are dopey. (Int -2) [a shining eye]
 63630 | Depths:4 | Found a gate to the Realm of Zot.
 63713 | Depths:4 | Received a gift from Okawaru
 63927 | Depths:4 | Reached skill level 10 in Armour
 64282 | Depths:4 | Found Imafripe's Book Shoppe.
 64282 | Depths:4 | Found Vogg's Book Shoppe.
 64383 | Depths:4 | Found Sizxoan's Jewellery Boutique.
 64947 | Vaults:5 | Entered Level 5 of the Vaults
 65266 | Vaults:5 | Reached XP level 26. HP: 168/168 MP: 32/32
 65510 | Vaults:5 | Identified the +11 battleaxe of Wyrd {venom, rElec rN+
                  | rCorr}
 65692 | Vaults:5 | Received a gift from Okawaru
 65843 | Vaults:5 | Identified the +1 crystal plate armour "Gomi" {-Tele rN+
                  | Regen+}
 66065 | Vaults:5 | Reached skill level 27 in Ranged Weapons
 66065 | Vaults:5 | Received a gift from Okawaru
 66499 | Vaults:5 | Reached skill level 5 in Hexes
 66765 | Vaults:5 | Reached skill level 10 in Evocations
 66785 | Vaults:5 | Received a gift from Okawaru
 67385 | Vaults:5 | Got a silver rune of Zot
 67991 | Zot:1    | Entered Level 1 of the Realm of Zot
 67991 | Zot:1    | Noticed a Killer Klown
 67991 | Zot:1    | Noticed a dread lich
 68046 | Zot:1    | Reached XP level 27. HP: 125/176 MP: 22/32
 68053 | Zot:1    | Received a gift from Okawaru
 68059 | Zot:1    | Found the +4 dragonskin cloak
 68059 | Zot:1    | Noticed Tiamat
 68071 | Zot:1    | Killed Tiamat
 68409 | Zot:1    | Killed a dread lich
 68425 | Zot:1    | Killed a Killer Klown
 68652 | Zot:1    | Received a gift from Okawaru
 69921 | Zot:1    | Reached skill level 15 in Evocations
 70202 | Zot:2    | Received a gift from Okawaru
 70575 | Zot:2    | Reached skill level 5 in Throwing
 71965 | Zot:3    | Received a gift from Okawaru
 72228 | Zot:3    | Identified the +3 ring mail of Insecurity {+Blink Stlth+}
 72819 | Zot:4    | Identified the +1 plate armour "Uzad Zyibep" {*Slow rF+
                  | Str+7}
 73534 | Zot:4    | Received a gift from Okawaru
 73740 | Zot:5    | Entered Level 5 of the Realm of Zot
 73832 | Zot:5    | Learned a level 3 spell: Passwall
 73891 | Zot:5    | Reached skill level 1 in Earth Magic
 74400 | Zot:5    | Reached skill level 27 in Dodging
 74571 | Zot:5    | Received a gift from Okawaru
 74572 | Zot:5    | Reached skill level 5 in Earth Magic
 75174 | Zot:5    | Noticed an ancient lich
 75176 | Zot:5    | Killed an ancient lich
 75515 | Zot:5    | Noticed an orb of fire
 76302 | Zot:5    | Noticed an ancient lich
 76309 | Zot:5    | Killed an ancient lich
 76444 | Zot:5    | Noticed a dread lich
 76449 | Zot:5    | Killed a dread lich
 76857 | Zot:5    | Noticed a Killer Klown
 76968 | Zot:5    | Noticed a Killer Klown
 77357 | Zot:5    | Killed a Killer Klown
 77656 | Zot:5    | Noticed a Killer Klown
 77661 | Zot:5    | Noticed an orb of fire
 77669 | Zot:5    | Killed an orb of fire
 77670 | Zot:5    | Killed a Killer Klown
 77954 | Zot:5    | Noticed a Killer Klown
 77964 | Zot:5    | Killed a Killer Klown
 77971 | Zot:5    | Killed a Killer Klown
 78204 | Zot:5    | Reached skill level 5 in Spellcasting
 78388 | Zot:5    | Received a gift from Okawaru
 78628 | Zot:5    | Killed an orb of fire
 78831 | Zot:5    | Got the Orb of Zot
 79141 | Depths:1 | Noticed Itunyzeg the pandemonium lord
 79181 | D:15     | Noticed Geop the pandemonium lord
 79586 | D:$      | Escaped with the Orb!

Illustrated notes

Levels and vault maps discovered:
D:1:      shiori_arrival_elements, layout_basic
D:2:      layout_basic, shapermc_ecumenical_altar_acropolis
D:3:      layout_basic
D:4:      kennysheep_slugbush, layout_basic, fedhas_altar_3,
          kennysheep_mini_moat
D:5:      layout_gridville
D:6:      layout_basic, nzn_wu_jian_contemplation,
          minmay_temple_entry_glassed_door, chequers_serial_rivers_large_a
D:7:      layout_gridville, serial_shops, nicolae_shop_rolling_square,
          kennysheep_cluttered_room, uniq_maurice, uniq_maggie
D:8:      layout_basic, kennysheep_mini, demons_altar
D:9:      layout_basic, mainiacjoe_overflow_24_doors
D:10:     layout_irregular_city, chequers_temple_overflow_statue_of_worship,
          chequers_serial_rivers_room_a
D:11:     layout_cross, orc_0_dummy, minmay_increasing_density, uniq_harold,
          uniq_sonja, uniq_psyche, uniq_josephine
D:12:     layout_loops_ring
D:13:     layout_roguey
D:14:     layout_basic, david_vaults_2, infiniplex_staircase_zigzag_1,
          uniq_kirke, uniq_roxanne
D:15:     hangedman_depths_entry_civil_slaughter, layout_cave_pods, uniq_rupert,
          uniq_louise
Temple:   chequers_temple_sunken
Lair:1:   layout_cave_pods, grunt_megastairs_4
Lair:2:   nzn_winding_woodlands_small [nzn_winding_woodlands_5x15_longhouse,
          nzn_winding_woodlands_center_pierced_h,
          nzn_winding_woodlands_5x15_river_crossing], layout_big_grid,
          minmay_shoals_entry_centaurs, dummy_spider_entry
Lair:3:   layout_big_grid, fungi_pond_lemuel, lemuel_fruit_tree, uniq_fannar
Lair:4:   layout_hall_layers, nicolae_slime_entry_slimehenge, enter_volcano_3,
          lemuel_oklob_altar, infiniplex_staircase_pool
Lair:5:   cheibrodos_lair_end_hotspot, layout_misc_corridors,
          nicolae_lair_lil_pond, serial_bayou_pond_a,
          chequers_serial_rivers_marsh, nicolae_lair_time_for_slime
Shoals:1: layout_shoals, ebering_ghost_rock_garden
Shoals:2: layout_shoals, serial_shops, nicolae_shop_window_shopping,
          nicolae_shoals_spring_well_temple
Shoals:3: layout_shoals, nicolae_tricolors, uniq_mara
Shoals:4: shoals_end_hellmonk_holy_island
Spider:1: gammafunk_sealed_arena
Spider:2: layout_spider_delve, uniq_arachne
Spider:3: layout_spider_delve
Spider:4: guppyfry_spider_rune
Orc:1:    layout_diamond_mine, basic_altar, nicolae_orc_lost_temple
Orc:2:    grunt_orc_cross, layout_diamond_mine, portal_ice_cave_demonic_guard,
          nicolae_orc_tapped_out, uniq_donald
Elf:1:    eino_elf_arrival_customs, layout_loops_corners,
          nicolae_elf_theology_debate, nicolae_twisting_strands,
          hangedman_elven_ridges, palyth_stone_intersect,
          bh_hangedman_babel_library, uniq_agnes
Elf:2:    nicolae_elf_blades_splatter_lattice [nicolae_blade_entry_pointy_end],
          layout_geoelf_octagon, portal_desolation_entry_ruin
Elf:3:    minmay_elf_hall_furrowed, layout_geoelf_grid, grunt_megastairs_3
Vaults:1: advil_vaults_ghost_guards, v_alt_pattern_3,
          nicolae_vaults_closet_pinwheel_6, v_alt_pattern_1,
          ontoclasm_vaults_ring_large, v_alt_pattern_5,
          ontoclasm_vaults_shuriken, nicolae_vaults_mini_display_case,
          nicolae_vaults_diagonal_hallway_7, nicolae_vaults_tetromino_L_1,
          layout_vaults_chaotic_city
Vaults:2: v_misc_10, nicolae_vaults_asterisk, hangedman_vaults_maws,
          nicolae_vaults_ring_of_whatevers, nicolae_vaults_wrenched,
          nicolae_vaults_storage_room_doors, vaults_room_door_hall,
          nicolae_vaults_closet_pinwheel_2, nicolae_vaults_variable_pillar_hall,
          nicolae_vaults_stepped_doors, layout_vaults_omnigrid, uniq_sojobo
Vaults:3: vaults_room_grunt_arrival_ludios, hangedman_vaults_river_flow,
          v_misc_14, hangedman_vaults_capsules,
          nicolae_vaults_trapezoid_lopsided_2, nicolae_vaults_little_squares_1,
          vaults_standard_mumra_enter_the_diamond, vaults_dpeg_emergency_exit,
          nicolae_vaults_house_1, hangedman_vaults_stagger,
          nicolae_vaults_two_Ls, vaults_room_semicircle, nicolae_vaults_mitosis,
          ontoclasm_vaults_misaligned, nicolae_vaults_double_plus_1,
          minmay_crypt_entry_simple_round, vaults_room_semicircle,
          layout_vaults_ring, serial_shops, shop, uniq_margery
Vaults:4: vaults_room_ringed_pool, v_misc_5, grunt_vaults_bifocal,
          nicolae_vaults_house_1, ontoclasm_vaults_misaligned,
          nicolae_vaults_network_s, vaults_room_door_hall,
          hangedman_vaults_trim, nicolae_vaults_storage_closets_1, v_misc_28,
          ontoclasm_vaults_ring_small, nicolae_vaults_trapezoid_lopsided_3,
          nicolae_vaults_display_case, grunt_vaults_diagonal,
          layout_vaults_maze_bifur, serial_shops, nicolae_shop_gaudy_bauble,
          uniq_saint_roka
Vaults:5
Depths:1: layout_basic, grunt_gozag_statues, rand_demon_pan_entry_1, hell_entry,
          led_sif_pool, uniq_nikola
Depths:2: hangedman_slaughterboxes, hell_entry, pan_entry, abyss_entry
Depths:3: nicolae_cairo_tiling_large, layout_gridville,
          nicolae_elyvilon_peaceful_grove, abyss_entry_small_statue_room,
          hell_entry, hex_large, drop_trap, kennysheep_nondescript,
          serial_bayou_shore_b
Depths:4: grunt_zot_entry_pinwheel, layout_gridlike, minmay_misc_feat_tiny,
          pan_entry, nicolae_hell_entry_hellmouth_sunbeams, minmay_shop_grove,
          serial_bayou_shore_b, uniq_jory
Zot:1:    ebering_klown_carousel, layout_misc_corridors, grunt_megastairs_5,
          uniq_tiamat
Zot:2:    gammafunk_mikee_crab_dinner, layout_concentric_octagons,
          hangedman_zot_decor_slant
Zot:3:    layout_misc_corridors
Zot:4:    layout_concentric_octagons, grunt_ministairs_7
Zot:5:    layout_gridville, grunt_ministairs_4

Skill      XL: |  1  2  3  4  5  6  7  8  9 10 11 12 13 14 15 16 17 18 19 20 21 22 23 24 25 26 27 |
---------------+----------------------------------------------------------------------------------+-----
Short Blades   | 1 2 3 4 6 8 10 14 | 14.0
Stealth        | 3 4 6 7 8 9 11 13 14 16 18 20 | 20.0
Fighting       | 1 3 4 7 9 10 12 13 14 15 16 18 19 22 | 22.9
Ice Magic      | 5 6 7 9 |  9.0
Dodging        | 3 5 6 10 11 12 13 14 17 18 20 22 23 24 27 | 27.0
Ranged Weapons | 5 8 13 14 16 18 19 21 22 23 24 26 27 | 27.0
Invocations    | 3 5 8 9 11 12 | 12.0
Evocations     | 3 5 6 8 9 11 15 | 15.0
Armour         | 1 4 5 6 8 10 11 | 11.0
Necromancy     | 4 6 |  6.0
Throwing       | 1 4 6 |  6.0
Translocations | 4 7 8 9 |  9.0
Hexes          | 2 4 5 |  5.0
Conjurations   | 4 8 10 | 10.0
Alchemy        | 4 8 10 11 | 11.0
Spellcasting   | 4 5 |  5.0
Earth Magic    | 5 |  5.0

Action                     |  1- 3 |  4- 6 |  7- 9 | 10-12 | 13-15 | 16-18 | 19-21 | 22-24 | 25-27 || total
---------------------------+-------+-------+-------+-------+-------+-------+-------+-------+-------++-------
  Melee: Dagger            |    35 |    21 |     4 |   171 |     7 |     3 |     1 |       |     3 ||   245
         Unarmed           |     1 |       |       |       |       |       |       |       |       ||     1
         Whip              |       |    40 |   209 |     8 |       |       |       |       |       ||   257
         Hand cannon       |       |       |       |       |       |     2 |       |       |       ||     2
   Fire: Sling             |       |       |     7 |   116 |       |       |       |       |       ||   123
         Orcbow            |       |       |       |    84 |       |       |       |       |       ||    84
         Hand cannon       |       |       |       |    14 |   794 |   999 |   491 |       |       ||  2298
         Triple crossbow   |       |       |       |       |       |       |   487 |  1013 |  1528 ||  3028
  Throw: Dart              |       |       |     5 |       |       |       |       |       |       ||     5
         Throwing net      |       |       |       |       |     2 |     2 |       |       |     1 ||     5
   Cast: Freeze            |    37 |    81 |    65 |    41 |     1 |       |       |       |       ||   225
         Frozen Ramparts   |       |     3 |    23 |    52 |     3 |       |       |       |       ||    81
         Ozocubu's Armour  |       |     2 |    17 |    37 |    21 |     4 |    11 |    22 |    19 ||   133
         Hailstorm         |       |       |     1 |     5 |       |       |       |       |       ||     6
         Fugue of the Fall |       |       |       |       |     3 |    12 |    10 |    22 |    20 ||    67
         Irradiate         |       |       |       |       |       |       |     3 |    13 |    24 ||    40
         Dimensional Bulls |       |       |       |       |       |       |       |     3 |    14 ||    17
         Blink             |       |       |       |       |       |       |       |       |     2 ||     2
 Invoke: Receive Weapon    |       |       |       |     1 |       |       |       |       |       ||     1
         Receive Armour    |       |       |       |     1 |       |       |       |       |       ||     1
         Finesse           |       |       |       |       |     3 |     2 |     5 |     1 |     6 ||    17
         Heroism           |       |       |       |       |     1 |       |       |       |       ||     1
         Duel              |       |       |       |       |       |     1 |       |       |       ||     1
  Evoke: Wand              |       |       |       |       |     3 |     1 |     1 |     1 |     2 ||     8
         Lightning rod     |       |       |       |       |     3 |       |     4 |     4 |     3 ||    14
         Tin of tremorston |       |       |       |       |       |     3 |     4 |     2 |     4 ||    13
         Phial of floods   |       |       |       |       |       |     1 |       |     2 |       ||     3
    Use: Potion            |       |       |     1 |     1 |     1 |     8 |     1 |     2 |     1 ||    15
         Scroll            |       |       |       |    13 |    16 |    25 |     4 |     3 |    22 ||    83
   Stab: Sleeping          |     2 |     5 |     5 |    16 |     3 |     1 |       |       |     3 ||    35
         Held in net/web   |       |       |       |       |     1 |       |       |       |       ||     1
 Armour: Robe              |    18 |    52 |   104 |       |       |       |       |       |       ||   174
         Steam dragon scal |       |       |    35 |   142 |   186 |   322 |   236 |   209 |   310 ||  1440
  Dodge: Dodged            |    44 |    74 |   237 |   371 |   511 |  1266 |  1030 |  1015 |  1429 ||  5977
  Block: Other             |       |       |       |       |       |       |       |    50 |    58 ||   108

Table legend: (Time is in decaauts)
 A = Elapsed time spent in this place.
 B = Non-inter-level travel time spent in this place.
 C = Inter-level travel time spent in this place.
 D = Time resting spent in this place.
 E = Time spent auto-exploring this place.
 F = Levels seen in this place.
 G = Mean time per level.
                   A        B        C        D        E       F      G
               +--------+--------+--------+--------+--------+-----+--------+
         Total |  80204 |  74601 |   5603 |  16453 |  45236 |  53 | 1513.3 |
       Dungeon |  21985 |  19774 |   2211 |   3345 |  13276 |  15 | 1465.7 |
        Temple |     98 |     78 |     20 |     74 |      0 |   1 |   98.0 |
          Lair |   6215 |   5851 |    364 |   1069 |   3791 |   5 | 1243.0 |
        Shoals |   7109 |   6849 |    260 |   2549 |   3448 |   4 | 1777.2 |
   Spider Nest |   5916 |   5647 |    269 |   2002 |   2715 |   4 | 1479.0 |
  Orcish Mines |   2120 |   1890 |    230 |    179 |   1090 |   2 | 1060.0 |
   Elven Halls |   5149 |   4926 |    223 |   1143 |   2890 |   3 | 1716.3 |
        Vaults |  10273 |   9598 |    675 |    884 |   7085 |   5 | 2054.6 |
        Depths |   6642 |   5763 |    879 |   1098 |   3643 |   4 | 1660.5 |
           Zot |  10440 |   9971 |    469 |   3433 |   5164 |   5 | 2088.0 |
         Abyss |    706 |    706 |      0 |    144 |      0 |   1 |  706.0 |
      Ice Cave |    886 |    886 |      0 |      8 |    697 |   1 |  886.0 |
       Volcano |    492 |    492 |      0 |    117 |    200 |   1 |  492.0 |
    Desolation |   2139 |   2139 |      0 |    402 |   1236 |   1 | 2139.0 |
         Arena |     26 |     26 |      0 |      3 |      0 |   1 |   26.0 |
               +--------+--------+--------+--------+--------+-----+--------+

Top non-repeatable levels by time:
   Zot:5: 5124 daAuts
Depths:2: 2658 daAuts
Vaults:5: 2649 daAuts
Vaults:2: 2632 daAuts
Shoals:4: 2182 daAuts
Desolation: 2139 daAuts
Depths:4: 2077 daAuts
Shoals:3: 2022 daAuts
Vaults:1: 2002 daAuts
    D:14: 1995 daAuts
   Elf:3: 1995 daAuts
    D:15: 1989 daAuts
   Elf:1: 1920 daAuts
    D:10: 1895 daAuts
     D:6: 1825 daAuts
